[Event "*** Titled Tuesday Blitz"]
[Site "Chess.com"]
[Date "2021.02.16"]
[Round "4"]
[White "miredenizdogan"]
[Black "InitiatingASC"]
[Result "0-1"]
[WhiteElo "2251"]
[BlackElo "2436"]
[TimeControl "180+1"]
[EndTime "10:38:26 PST"]
[Termination "InitiatingASC won by resignation"]

1. d4 d5 2. c4 e6 3. Nc3 c5 4. cxd5 exd5 5. Nf3 Nc6 6. Bg5 Nf6 7. Bxf6 gxf6 8. e3 Be6 9. Bb5 c4 10. Qa4 Qb6 11. e4 O-O-O 12. exd5 Bxd5 13. Nxd5 Rxd5 14. Bxc6 Bb4+ 15. Kf1 bxc6 16. a3 Ra5 17. Qd1 c3 18. axb4 Qa6+ 19. b5 Rxa1 20. bxa6 Rxd1+ 0-1

[Event "*** Titled Tuesday Blitz"]
[Site "Chess.com"]
[Date "2021.02.16"]
[Round "4"]
[White "ChessQueen"]
[Black "karenzadita"]
[Result "1-0"]
[WhiteElo "2730"]
[BlackElo "2426"]
[TimeControl "180+1"]
[EndTime "10:38:29 PST"]
[Termination "ChessQueen won by resignation"]

1. e4 c5 2. c3 d5 3. exd5 Qxd5 4.
d4 g6 5. Nf3 Bg7 6. Nbd2 cxd4 7.
Bc4 Qd8 8. cxd4 Bg4 9. Qb3 e6 10.
Qxb7 Nd7 11. Bb5 Bxf3 12. Nxf3 Rc8 13. Bg5 Rc7 14. Qa6 Qb8 15. Bf4 1-0

[Event "*** Titled Tuesday Blitz"]
[Site "Chess.com"]
[Date "2021.02.16"]
[Round "4"]
[White "Susal_De_Silva"]
[Black "kuban1991"]
[Result "0-1"]
[WhiteElo "2632"]
[BlackElo "2882"]
[TimeControl "180+1"]
[EndTime "10:38:32 PST"]
[Termination "kuban1991 won by resignation"]

1. e4 e6 2. d4 d5 3. Nc3 Bb4 4. e5 c5 5. a3 Bxc3+ 6. bxc3 Nc6 7. Qg4 g6 8. Nf3 Bd7 9. Bd3 Qa5 10. Bd2 c4 11. Be2 O-O-O 12. h4 h6 13. Qf4 Rf8 14. Qg3 Nge7 15. h5 g5 16. Nh2 f5 17. exf6 Nf5 18. Qh3 e5 19. Bg4 Rxf6 20. Nf3 exd4 21. cxd4 Re8+ 22.
Ne5 Nxe5 23. dxe5 Rxe5+ 24. Kd1 Qc7 25. Re1 Rxe1+ 26. Kxe1 Qe5+ 0-1

[Event "*** Titled Tuesday Blitz"]
[Site "Chess.com"]
[Date "2021.02.16"]
[Round "4"]
[White "IsaacWiebe"]
[Black "Vamostodorecto"]
[Result "0-1"]
[WhiteElo "2195"]
[BlackElo "2425"]
[TimeControl "180+1"]
[EndTime "10:38:32 PST"]
[Termination "Vamostodorecto won by resignation"]

1. a3 e5 2. c4 Nf6 3. Nc3 Nc6 4. Nf3 d6 5. e3 Be7 6. d4 O-O 7. Be2 exd4 8. exd4 d5 9. c5 Bg4 10. O-O Ne4 11. Be3 f5 12. Rc1 f4 13. Bd2 Kh8 14. Be1 Bf6 15. Qb3 Bxf3 16. gxf3 Nxd4 17. Qxb7 Nxc3 18. Bxc3 Nxe2+ 0-1

[Event "*** Titled Tuesday Blitz"]
[Site "Chess.com"]
[Date "2021.02.16"]
[Round "4"]
[White "Yaacovn"]
[Black "LubovMarkelova"]
[Result "1-0"]
[WhiteElo "2760"]
[BlackElo "2241"]
[TimeControl "180+1"]
[EndTime "10:38:35 PST"]
[Termination "Yaacovn won by resignation"]

1. d4 Nf6 2. Bg5 e6 3. e3 Be7 4. f4 d5 5. Bd3 Ne4 6. Bxe7 Qxe7 7. Nf3 Qb4+ 8. Nbd2 Qxb2 9. Nxe4 dxe4 10. Bxe4 Qc3+ 11. Kf2 Nc6 12. Qd3 Qxd3 13. cxd3 Bd7 14. Rab1 O-O-O 15. Rhc1 f6 16. Nd2 Rde8 17. Nb3 e5 18. fxe5 fxe5 19. d5 Nd8 20. Nc5 b6 21. Na6 Rhf8+ 22. Ke1 1-0

[Event "*** Titled Tuesday Blitz"]
[Site "Chess.com"]
[Date "2021.02.16"]
[Round "4"]
[White "MoreChessJulia"]
[Black "SanchezKelvin"]
[Result "0-1"]
[WhiteElo "2142"]
[BlackElo "2405"]
[TimeControl "180+1"]
[EndTime "10:38:41 PST"]
[Termination "SanchezKelvin won by resignation"]

1. d4 Nf6 2. Nc3 c5 3. d5 g6 4. e4 d6 5. h3 Bg7 6. Nf3 O-O 7. Bd3 Na6 8. a3 Nc7 9. O-O b5 10. Bf4 c4 11. Be2 a6 12. Qd2 Re8 13. Bh6 Bh8 14.
Rfe1 e6 15. Bf1 exd5 16. exd5 Bb7 17. Rxe8+ Qxe8 18. Re1 Qd7 19. g4 Nfxd5 20. Nxd5 Bxd5 21. Bg2 Re8 22. Be3 Qc6 23. Nd4 Bxd4 24. Bxd5 Qxd5 25.
Bxd4 Rxe1+ 26. Qxe1 Qxd4 27. c3 Qe5 28. Qd2 Ne6 29. Qe3 Qxe3 30. fxe3 Kg7 31. Kf2 Kf6 32. Kf3 Ke5 33. h4 Nc5 34. Ke2 Na4 0-1

[Event "*** Titled Tuesday Blitz"]
[Site "Chess.com"]
[Date "2021.02.16"]
[Round "4"]
[White "AndrewMaco"]
[Black "ChainsOfFantasia"]
[Result "1-0"]
[WhiteElo "2664"]
[BlackElo "2475"]
[TimeControl "180+1"]
[EndTime "10:38:42 PST"]
[Termination "AndrewMaco won by resignation"]

1. e4 e6 2. d4 d5 3. Nc3 Nf6 4. e5 Nfd7 5. f4 c5 6. Nf3 Nc6 7. Be3 a6 8. Qd2 b5 9. Bd3 Qb6 10. Qf2 cxd4 11. Nxd4 Nxd4 12. Bxd4 Bc5 13. Ne2 O-O 14.
O-O f6 15. exf6 Bxd4 16. Qxd4 Rxf6 17. Qxb6 Nxb6 18. Nd4 Bd7 19. Rae1 b4 20. g3 a5 21.
Re2 a4 22. Rfe1 a3 23. b3 Re8 24. Nf3 Rc8 25. Kf2 h6 26. h4 Rff8 27. Ke3 Rc5 28.
Kd2 Nc8 29. Nd4 Nd6 30. Nxe6 Bxe6 31. Rxe6 Rd8 32. Ke3 Kf7 33. Kd4 Rc7 34. Bg6+ Kf8 35. Rxd6 1-0

[Event "*** Titled Tuesday Blitz"]
[Site "Chess.com"]
[Date "2021.02.16"]
[Round "4"]
[White "AniJak"]
[Black "catzapto"]
[Result "1-0"]
[WhiteElo "2322"]
[BlackElo "2103"]
[TimeControl "180+1"]
[EndTime "10:38:42 PST"]
[Termination "AniJak won by resignation"]

1. e4 c5 2. Nf3 e6 3. d4 cxd4 4. Nxd4 Nf6 5. Nc3 Bb4 6. Bd3 d5 7. e5 Nfd7 8. Qe2 a6 9. O-O Qc7 10. Qg4 Qxe5 11. Nf3 h5 12. Qxb4 Qc7 13. Nxd5 exd5 14.
Re1+ Ne5 15. Nxe5 Be6 16. Bf4 g5 17. Ng6 1-0

[Event "*** Titled Tuesday Blitz"]
[Site "Chess.com"]
[Date "2021.02.16"]
[Round "4"]
[White "sergeikim"]
[Black "MrTattaglia"]
[Result "0-1"]
[WhiteElo "2523"]
[BlackElo "2763"]
[TimeControl "180+1"]
[EndTime "10:38:45 PST"]
[Termination "MrTattaglia won by resignation"]

1. d4 Nf6 2. c4 c5 3. d5 b5 4. cxb5 a6 5. b6 g6 6. Nc3 d6 7. e4 Bg7 8. Nf3 O-O 9. Be2 Nbd7 10. O-O Qxb6 11. a4 Rb8 12. Nd2 Qc7 13. Ra3 Rb4 14. Nc4 Nb6 15. b3 Nxc4 16. Bxc4 Ng4 17. Bd2 Ne5 18. Be2 Qb8 19. Qc2 f5 20. f4 Nf7 21.
Bc4 fxe4 22. Nxe4 Rb7 23. Bc3 Bd4+ 24. Bxd4 cxd4 25. Qd2 Qa7 26. Rd1 Bf5 27. Qxd4 Bxe4 0-1

[Event "*** Titled Tuesday Blitz"]
[Site "Chess.com"]
[Date "2021.02.16"]
[Round "4"]
[White "ram1zan"]
[Black "KonstantinB_1983"]
[Result "1-0"]
[WhiteElo "2866"]
[BlackElo "2549"]
[TimeControl "180+1"]
[EndTime "10:38:49 PST"]
[Termination "ram1zan won by resignation"]

1. e4 c6 2. d4 d5 3. exd5 cxd5 4.
Bd3 Nc6 5. c3 Nf6 6. Bf4 Bg4 7.
Qb3 Qc8 8. Nd2 e6 9. Ngf3 Be7 10. O-O O-O 11. Qc2 Bh5 12. Ne5 Nxe5 13. dxe5 Nd7 14.
Bxh7+ Kh8 15. Bd3 Nc5 16. Rfe1 Nxd3 17. Qxd3 Bg6 18. Qg3 Qc5 19. Nf3 Qb6 20. Re2 Rac8 21. h4 Rc4 22. Be3 Qa6 23. Rd2 b5 24. Rd4 Rfc8 25.
h5 Be4 26. h6 g6 27. Ng5 Rf8 28. Nxe4 dxe4 29. Rd7 Bd8 30. Rad1 Rc8 31. Qf4 f5 32. exf6 Bxf6 33. Qxe4 1-0

[Event "*** Titled Tuesday Blitz"]
[Site "Chess.com"]
[Date "2021.02.16"]
[Round "4"]
[White "Ermito2020"]
[Black "Trickster_Pony"]
[Result "1-0"]
[WhiteElo "2581"]
[BlackElo "1505"]
[TimeControl "180+1"]
[EndTime "10:38:56 PST"]
[Termination "Ermito2020 won by resignation"]

1. e4 c5 2. Nf3 g6 3. c3 Nf6 4.
e5 Nd5 5. d4 cxd4 6. cxd4 Nc6 7. Nc3 Nxc3 8. bxc3 Bg7 9. Bd3 O-O 10. O-O d5 11. h3 f6 12. exf6 exf6 13. Re1 f5 14.
Bf4 h6 15. Ne5 g5 16. Nxc6 bxc6 17. Be5 Bd7 18. Rb1 Re8 19. Qh5 Bxe5 20. dxe5 Re6 21. Bxf5 Qf8 22. Bxe6+ Bxe6 23. Qg6+ 1-0

[Event "*** Titled Tuesday Blitz"]
[Site "Chess.com"]
[Date "2021.02.16"]
[Round "4"]
[White "PSvidler"]
[Black "SilviusTiberius"]
[Result "1-0"]
[WhiteElo "2915"]
[BlackElo "2570"]
[TimeControl "180+1"]
[EndTime "10:39:15 PST"]
[Termination "PSvidler won by resignation"]

1. e4 e5 2. Nf3 Nc6 3. Bb5 Nf6 4. d3 Bc5 5. c3 d5 6. exd5 Qxd5 7. Bc4 Qd8 8. O-O O-O 9. Nbd2 Bf5 10. Qe2 Bb6 11.
b4 Nd5 12. Ne4 Re8 13. Bxd5 Qxd5 14. c4 Qd7 15. c5 Nxb4 16. cxb6 Nxd3 17. bxc7 Rac8 18.
Rd1 Nxc1 19. Raxc1 1-0

[Event "*** Titled Tuesday Blitz"]
[Site "Chess.com"]
[Date "2021.02.16"]
[Round "4"]
[White "IngOscarArdila"]
[Black "eduardoperalta"]
[Result "0-1"]
[WhiteElo "2152"]
[BlackElo "2407"]
[TimeControl "180+1"]
[EndTime "10:39:15 PST"]
[Termination "eduardoperalta won by resignation"]

1. d4 Nf6 2. c4 c5 3. d5 d6 4. Nc3 g6 5. e4 Bg7 6. h3 O-O 7. Nf3 b5 8. Nxb5 Nxe4 9. Bd3 Nf6 10. O-O a6 11. Nc3 e5 12. dxe6 fxe6 13. Bg5 Bb7 14. Re1 Qd7 15. Ne4 Nxe4 16. Bxe4 Nc6 17. Qd2 Rae8 18.
Rad1 Nd4 19. Bxb7 Qxb7 20. Nxd4 Bxd4 21. Be3 e5 22. Bxd4 cxd4 23. b3 Qc7 24. Qa5 Qxa5 0-1

[Event "*** Titled Tuesday Blitz"]
[Site "Chess.com"]
[Date "2021.02.16"]
[Round "4"]
[White "jcibarra"]
[Black "Fusikk"]
[Result "1-0"]
[WhiteElo "2907"]
[BlackElo "2705"]
[TimeControl "180+1"]
[EndTime "10:39:21 PST"]
[Termination "jcibarra won by resignation"]

1. e4 c6 2. Nf3 d5 3. d3 dxe4 4. dxe4 Qxd1+ 5. Kxd1 f6 6. a4 a5 7. Nbd2 e5 8. Nc4 Be6 9. Nb6 Ra7 10. Be3 c5 11.
Bb5+ Kd8 12. Ke2 Kc7 13. Nc4 Nc6 14. c3 h5 15. Nh4 Bf7 16. Rhd1 g6 17. Na3 Ra8 18.
Bc4 Bxc4+ 19. Nxc4 Nge7 20. Bxc5 g5 21. Bd6+ Kd8 22.
Bxe7+ Kxe7 23. Ng6+ 1-0

[Event "*** Titled Tuesday Blitz"]
[Site "Chess.com"]
[Date "2021.02.16"]
[Round "4"]
[White "verdest"]
[Black "kayrakamer"]
[Result "0-1"]
[WhiteElo "2506"]
[BlackElo "2701"]
[TimeControl "180+1"]
[EndTime "10:39:21 PST"]
[Termination "kayrakamer won by resignation"]

1. d4 Nf6 2. c4 g6 3. g3 Bg7 4. Bg2 O-O 5. Nc3 d6 6. Nf3 c6 7. O-O Qa5 8. e4 e5 9. Qc2 Nbd7 10. Rd1 exd4 11. Nxd4 Ne5 12. b3 Bg4 13. Re1 c5 14.
Ndb5 a6 15. Nxd6 Qb6 16. Nf5 gxf5 17. exf5 Nf3+ 18. Bxf3 Bxf3 19. Bb2 Qc6 20. Qd2 Rad8 21. Qg5 h6 22. Qf4 Rd4 23. Qe3 Re8 0-1

[Event "*** Titled Tuesday Blitz"]
[Site "Chess.com"]
[Date "2021.02.16"]
[Round "4"]
[White "FoggyMorning"]
[Black "Piotrek1979"]
[Result "1-0"]
[WhiteElo "2610"]
[BlackElo "2413"]
[TimeControl "180+1"]
[EndTime "10:39:28 PST"]
[Termination "FoggyMorning won by resignation"]

1. e4 c5 2. Nf3 Nc6 3. d4 cxd4 4. Nxd4 g6 5. c4 Nf6 6. Nc3 d6 7. Be2 Nxd4 8. Qxd4 Bg7 9. Be3 O-O 10. Qd2 Be6 11. Rc1 Qa5 12. b3 Rfc8 13. f3 a6 14. g4 b5 15. Nd5 Qxd2+ 16. Kxd2 bxc4 17. Nxe7+ Kf8 18. Nxc8 Rxc8 19. Bxc4 Ra8 20. Bxe6 fxe6 21. Rc6 d5 22. e5 Nd7 23. f4 g5 24. Rxe6 gxf4 25. Bxf4 Nc5 26.
Rc6 Ne4+ 27. Ke3 Kg8 28. Rhc1 1-0

[Event "*** Titled Tuesday Blitz"]
[Site "Chess.com"]
[Date "2021.02.16"]
[Round "4"]
[White "Skat2704"]
[Black "Onischuk_V"]
[Result "0-1"]
[WhiteElo "2543"]
[BlackElo "2854"]
[TimeControl "180+1"]
[EndTime "10:39:33 PST"]
[Termination "Onischuk_V won by resignation"]

1. d4 Nf6 2. c4 c5 3. d5 b5 4.
cxb5 a6 5. bxa6 g6 6. Nc3 Bg7 7.
Nf3 O-O 8. g3 Qa5 9. Bg2 Ne4 10.
O-O Nxc3 11. bxc3 d6 12. Bd2 Bxa6 13. Qc2 Bc4 14. Rfe1 Nd7 15. e4 Rfb8 16. Rec1 Qa3 17. Bg5 Rb2 18. Qd1 Bxc3 19. Rc2 0-1

[Event "*** Titled Tuesday Blitz"]
[Site "Chess.com"]
[Date "2021.02.16"]
[Round "4"]
[White "ChessSwole"]
[Black "lelya96"]
[Result "1-0"]
[WhiteElo "2540"]
[BlackElo "2230"]
[TimeControl "180+1"]
[EndTime "10:39:33 PST"]
[Termination "ChessSwole won by resignation"]

1. b3 Nf6 2. Bb2 e6 3. e3 Be7 4. f4 d5 5. Nf3 c5 6. Bb5+ Bd7 7. Bd3 Nc6 8. O-O Qc7 9. Ne5 Nxe5 10. fxe5 Ng8 11.
Qg4 g6 12. c4 Nh6 13. Qf4 g5 14. Qf3 O-O-O 15. cxd5 exd5 16. e6 fxe6 17. Bxh8 Rxh8 18.
Nc3 Bd6 19. Qh3 Nf5 20. Nxd5 Qa5 21. Nf6 Be5 22. Nxd7 Bxa1 23. Bxf5 exf5 24. Qxf5 Qxa2 25. Nxc5+ Kb8 26. Qf7 1-0

[Event "*** Titled Tuesday Blitz"]
[Site "Chess.com"]
[Date "2021.02.16"]
[Round "4"]
[White "HanSchut"]
[Black "canary2016"]
[Result "1-0"]
[WhiteElo "2256"]
[BlackElo "1973"]
[TimeControl "180+1"]
[EndTime "10:39:36 PST"]
[Termination "HanSchut won by checkmate"]

1. e4 c5 2. Nf3 d5 3. exd5 Qxd5 4. Nc3 Qd8 5. Bb5+ Bd7 6. Ne5 e6 7. Qf3 Nf6 8. Qxb7 Bxb5 9. Nxb5 Nbd7 10. Nc7+ Ke7 11.
Nc6+ Kd6 12. Nb5+ Kd5 13. Nxd8+ Ke5 14. Nxf7+ Kf5 15. Nxh8 Rb8 16. Qf3+ Kg5 17. h4+ Kh6 18. d4+ g5 19. hxg5+ Kg7 20. gxf6+ Kxh8 21. Nc7 Bd6 22. Rxh7+ Kxh7 23. Qh5+ Kg8 24. Qg6+ Kf8 25. Bh6# 1-0

[Event "*** Titled Tuesday Blitz"]
[Site "Chess.com"]
[Date "2021.02.16"]
[Round "4"]
[White "WonderChampion"]
[Black "northridgehawk"]
[Result "0-1"]
[WhiteElo "2077"]
[BlackElo "2340"]
[TimeControl "180+1"]
[EndTime "10:39:37 PST"]
[Termination "northridgehawk won by resignation"]

1. d4 Nf6 2. Bg5 Ne4 3. Bf4 g6 4. f3 Nf6 5. e4 Bg7 6. Bd3 d5 7.
Ne2 O-O 8. e5 Nfd7 9. O-O c5 10.
c3 Nc6 11. Be3 a6 12. a3 b5 13. f4 c4 14. Bc2 a5 15. f5 Rb8 16. fxg6 hxg6 17. Nf4 e6 18. Qg4 b4 19. Bxg6 fxg6 20.
Qxe6+ Rf7 21. Nxg6 Ndxe5 22. Nxe5 Nxe5 23. dxe5 Bxe6 24. Bf4 Qb6+ 25. Kh1 Bxe5 0-1

[Event "*** Titled Tuesday Blitz"]
[Site "Chess.com"]
[Date "2021.02.16"]
[Round "4"]
[White "KhamzinOlzhas"]
[Black "fabianvivasz"]
[Result "1-0"]
[WhiteElo "2530"]
[BlackElo "2359"]
[TimeControl "180+1"]
[EndTime "10:39:38 PST"]
[Termination "KhamzinOlzhas won by resignation"]

1. e4 e5 2. f4 d5 3. exd5 exf4 4. Nf3 Nf6 5. Bc4 Nxd5 6. O-O Bg4 7. Nc3 c6 8. d4 Nxc3 9. bxc3 Bd6 10. Re1+ Kf8 11. Rb1 b5 12. Bb3 Nd7 13. c4 bxc4 14. Bxc4 Nb6 15.
Bb3 Qf6 16. Qd3 Qg6 17. Qxg6 hxg6 18. Ne5 Bxe5 19. Rxe5 f6 20. Ba3+ 1-0

[Event "*** Titled Tuesday Blitz"]
[Site "Chess.com"]
[Date "2021.02.16"]
[Round "4"]
[White "Titus369"]
[Black "Beca95"]
[Result "0-1"]
[WhiteElo "2567"]
[BlackElo "2907"]
[TimeControl "180+1"]
[EndTime "10:39:40 PST"]
[Termination "Beca95 won by resignation"]

1. e4 c5 2. Nf3 a6 3. c3 e6 4. d4 d5 5. Nbd2 Nf6 6. exd5 exd5 7.
Be2 Be7 8. O-O O-O 9. dxc5 Bxc5 10. Nb3 Bb6 11. Nbd4 h6 12. Bf4 Nc6 13. a4 Re8 14. Re1 Ne4 15. Bf1 Bg4 16. Be3 Bc7 17. h3 Bh5 18. g4 Bg6 19. Bg2 Qd6 20. Nxc6 bxc6 21. a5 Rab8 22. Ra2 c5 23. Qe2 f5 24. gxf5 Bxf5 25.
Rd1 Rbd8 26. Ra4 Qd7 27. b3 Nxc3 0-1

[Event "*** Titled Tuesday Blitz"]
[Site "Chess.com"]
[Date "2021.02.16"]
[Round "4"]
[White "vladimirdamjanovic"]
[Black "tusplingher"]
[Result "1-0"]
[WhiteElo "2532"]
[BlackElo "2310"]
[TimeControl "180+1"]
[EndTime "10:39:44 PST"]
[Termination "vladimirdamjanovic won by resignation"]

1. Nf3 c5 2. g3 g6 3. Bg2 Bg7 4.
O-O Nc6 5. e4 d6 6. d3 e6 7. Nc3 Nge7 8. Re1 O-O 9. Be3 b6 10. d4 cxd4 11. Nxd4 Bb7 12. Ndb5 d5 13. exd5 exd5 14. Nxd5 Bxb2 15. Rb1 Bg7 16. Bg5 f6 17. Nxe7+ Nxe7 18. Bxb7 Rb8 19. Qxd8 Rfxd8 20. Rxe7 fxg5 21. Bf3 a6 22. Nc7 Rbc8 23. Bg4 Rb8 24. Rxg7+ Kxg7 25. Ne6+ Kf6 26. Nxd8 Rxd8 27. Rxb6+ Ke5 28. Rxa6 h5 29. Be2 Rd2 30. Bd3 h4 31. Kf1 Rd1+ 32. Kg2 g4 33.
gxh4 Kf4 34. Ra4+ 1-0

[Event "*** Titled Tuesday Blitz"]
[Site "Chess.com"]
[Date "2021.02.16"]
[Round "4"]
[White "Loy_Konstantin"]
[Black "Nachsueb"]
[Result "1-0"]
[WhiteElo "2379"]
[BlackElo "2175"]
[TimeControl "180+1"]
[EndTime "10:39:44 PST"]
[Termination "Loy_Konstantin won by resignation"]

1. e4 c5 2. Nf3 e6 3. d3 Nc6 4. g3 g6 5. Bg2 Bg7 6. O-O Nge7 7. c3 e5 8. Be3 d6 9. h3 O-O 10. d4 b6 11. dxc5 dxc5 12. Qe2 Bb7 13. Rd1 Qc8 14. Na3 Ba6 15. Nb5 Rd8 16. a4 Na5 17. Rxd8+ Qxd8 18. Rd1 Qc8 19. Bf1 Qe6 20. Qc2 Bxb5 21.
Bxb5 Rc8 22. Bd7 Qf6 23. Bxc8 Nxc8 24. Bg5 Qxf3 25. Rd8+ Bf8 26. Bh6 Qd1+ 27. Qxd1 1-0

[Event "*** Titled Tuesday Blitz"]
[Site "Chess.com"]
[Date "2021.02.16"]
[Round "4"]
[White "Faqade"]
[Black "Squirlolz"]
[Result "1-0"]
[WhiteElo "2692"]
[BlackElo "2486"]
[TimeControl "180+1"]
[EndTime "10:39:47 PST"]
[Termination "Faqade won by resignation"]

1. Nf3 b6 2. e4 Bb7 3. Nc3 e6 4. d4 Bb4 5. Bd3 Nf6 6. e5 Ne4 7. O-O d5 8. Ne2 Be7 9. c3 f6 10. Nf4 Qd7 11. Re1 Nc6 12. exf6 Bxf6 13. Nd2 Ng5 14.
h4 Nf7 15. Nxe6 Ne7 16. Nf3 Nd8 17. Nfg5 Bxg5 18. Nxg5 Nc6 19. Qh5+ g6 20. Bxg6+ 1-0

[Event "*** Titled Tuesday Blitz"]
[Site "Chess.com"]
[Date "2021.02.16"]
[Round "4"]
[White "zverr1"]
[Black "Spalir"]
[Result "0-1"]
[WhiteElo "2477"]
[BlackElo "2663"]
[TimeControl "180+1"]
[EndTime "10:39:51 PST"]
[Termination "Spalir won by resignation"]

1. d4 Nf6 2. c4 g6 3. Nc3 d5 4.
cxd5 Nxd5 5. Bd2 Bg7 6. e4 Nb6 7. Be3 O-O 8. a4 a5 9. h3 f5 10.
exf5 Bxf5 11. Nf3 Nc6 12. Be2 Qd7 13. O-O Rad8 14. Rc1 Nb4 15. Re1 c6 16. Qd2 Qd6 17. Bf4 Qd7 18. Bh6 Nc2 19. Rxc2 Bxh6 20. Qxh6 Bxc2 21.
Ng5 e6 22. Bg4 Bf5 23. Nxe6 Rde8 24. Nxf8 Rxe1+ 25. Kh2 Qd6+ 26. g3 Qxf8 27. Qd2 Qe7 28. Ne2 Bxg4 0-1

[Event "*** Titled Tuesday Blitz"]
[Site "Chess.com"]
[Date "2021.02.16"]
[Round "4"]
[White "Lady_Nika"]
[Black "temiksmozg"]
[Result "0-1"]
[WhiteElo "2384"]
[BlackElo "2617"]
[TimeControl "180+1"]
[EndTime "10:39:57 PST"]
[Termination "temiksmozg won by resignation"]

1. d4 d5 2. e3 c5 3. f4 Nc6 4.
Nf3 Bf5 5. c3 e6 6. Bd3 Nh6 7.
O-O Bd6 8. Ne5 O-O 9. Bc2 Bxc2 10. Qxc2 Ne7 11. Nd2 f6 12. Nef3 Rc8 13. Qd3 Nhf5 14. g4 Nh6 15. g5 Nhf5 16. gxf6 gxf6 17. Kh1 Kh8 18. Rg1 Qd7 19. Nf1 Rg8 20. Rxg8+ Rxg8 21. Bd2 Qe8 22. Qe2 Qh5 23. Qf2 Nc8 24. Re1 Bf8 25.
e4 dxe4 26. Rxe4 cxd4 27. Rxe6 Nh4 28. Nxd4 Qd5+ 29. Nf3 Nxf3 30. Ne3 Qxe6 31. Qxf3 Nd6 32. Be1 Qe4 33. Qxe4 Nxe4 0-1

[Event "*** Titled Tuesday Blitz"]
[Site "Chess.com"]
[Date "2021.02.16"]
[Round "4"]
[White "OlifantCZ"]
[Black "WeAintSurePal"]
[Result "0-1"]
[WhiteElo "2302"]
[BlackElo "2454"]
[TimeControl "180+1"]
[EndTime "10:39:57 PST"]
[Termination "WeAintSurePal won by resignation"]

1. c4 c6 2. g3 d5 3. Bg2 Nf6 4. Nf3 g6 5. O-O Bg7 6. e3 O-O 7. Nc3 a5 8. b3 a4 9. Bb2 a3 10. Bc1 Ne4 11. Qc2 Bf5 12. Nh4 Nxc3 13. Nxf5 Ne2+ 14.
Kh1 Bxa1 15. Nh6+ Kh8 16. d4 Nxc1 17. Rxc1 Bb2 18. Rf1 Kg7 19. Ng4 e6 20. f4 Nd7 21.
e4 dxe4 22. Qxe4 f5 23. Qxe6 fxg4 24. d5 cxd5 25. Bxd5 Nf6 26. Bxb7 Re8 27. Qc6 Rb8 28. f5 g5 29. Qg2 Qd7 30. Bc6 Qe7 31. Bxe8 Rxe8 32.
h3 Qe4 33. hxg4 Nxg4 34. Qxe4 Rxe4 35. c5 Re5 0-1

[Event "*** Titled Tuesday Blitz"]
[Site "Chess.com"]
[Date "2021.02.16"]
[Round "4"]
[White "Pantata007"]
[Black "WilliamSchill"]
[Result "1-0"]
[WhiteElo "2280"]
[BlackElo "2051"]
[TimeControl "180+1"]
[EndTime "10:39:57 PST"]
[Termination "Pantata007 won by resignation"]

1. d4 Nf6 2. c4 g6 3. Nc3 Bg7 4. e4 d6 5. Be2 O-O 6. Bg5 c5 7. d5 e6 8. Qd2 Re8 9. Nf3 exd5 10. exd5 Bg4 11. O-O Nbd7 12. h3 Bxf3 13. Bxf3 a6 14. a4 Qa5 15. Qc2 Qb4 16. a5 Ne5 17. Ra4 Nxf3+ 18. gxf3 Nh5 19. Rxb4 cxb4 20. Ne4 h6 21. Be3 Be5 22. c5 Rac8 23. c6 f5 24. Nd2 1-0

[Event "*** Titled Tuesday Blitz"]
[Site "Chess.com"]
[Date "2021.02.16"]
[Round "4"]
[White "Rakesh"]
[Black "agartha01"]
[Result "0-1"]
[WhiteElo "2519"]
[BlackElo "2408"]
[TimeControl "180+1"]
[EndTime "10:40:04 PST"]
[Termination "agartha01 won by resignation"]

1. e4 c5 2. c3 Nf6 3. e5 Nd5 4. d4 cxd4 5. Nf3 e6 6. cxd4 b6 7. a3 Ba6 8. Bxa6 Nxa6 9. O-O Nac7 10. Nbd2 Be7 11. Ne4 O-O 12. Qe2 f5 13. exf6 Nxf6 14. Rd1 Nxe4 15. Qxe4 Nd5 16. Be3 Rc8 17. Rac1 Bf6 18. h3 Qe8 19. Ne5 Bxe5 20. dxe5 Qg6 21. Qxg6 hxg6 22. Bg5 Kf7 23. h4 Rc6 24. Rxc6 dxc6 25.
g3 c5 26. Kg2 Rc8 27. Kf3 c4 28. Kg4 b5 29. f3 a5 30. h5 gxh5+ 31. Kxh5 Rh8+ 32.
Kg4 Rh2 33. Bc1 b4 34. a4 Rxb2 35. Rxd5 exd5 36. Bxb2 c3 37. Ba1 d4 38. Kf4 b3 0-1

[Event "*** Titled Tuesday Blitz"]
[Site "Chess.com"]
[Date "2021.02.16"]
[Round "4"]
[White "manipun1"]
[Black "KingCyber19"]
[Result "0-1"]
[WhiteElo "2371"]
[BlackElo "2533"]
[TimeControl "180+1"]
[EndTime "10:40:06 PST"]
[Termination "KingCyber19 won by resignation"]

1. e4 e5 2. Nf3 Nc6 3. Bc4 Nf6 4. d3 Be7 5. O-O O-O 6. Bb3 d5 7. Nbd2 h6 8. c3 Be6 9. Re1 Bd6 10. h3 Re8 11. Nf1 Qd7 12. Ng3 Rad8 13. Nh2 Bc5 14. Qf3 dxe4 15. dxe4 Qd3 16. Be3 Bxb3 17. axb3 Bxe3 18.
Rxe3 Qc2 19. Nf5 Kh7 20. Re2 Rd2 21. Rae1 Red8 22. Ng4 Nxg4 23. Qxg4 g6 24. Ne3 Qxb2 25. Nc4 Rxe2 26. Nxb2 Rxe1+ 27. Kh2 Rd2 28. Nc4 Rxf2 29. h4 Ree2 0-1

[Event "*** Titled Tuesday Blitz"]
[Site "Chess.com"]
[Date "2021.02.16"]
[Round "4"]
[White "EvgenyRomanov"]
[Black "ClydeHillKid"]
[Result "1-0"]
[WhiteElo "2616"]
[BlackElo "2368"]
[TimeControl "180+1"]
[EndTime "10:40:08 PST"]
[Termination "EvgenyRomanov won by resignation"]

1. d4 d5 2. Nf3 Nf6 3. Bf4 Bf5 4. e3 e6 5. c4 Nbd7 6. Nc3 h6 7. Qb3 dxc4 8. Bxc4 Nb6 9. Be2 Bd6 10. Ne5 O-O 11. O-O a6 12. Bg3 Ne4 13. Nxe4 Bxe4 14. Rac1 Qe7 15. a3 Rac8 16. f3 Bd5 17. Qd1 f6 18. Ng6 Qf7 19. Bxd6 cxd6 20. Nxf8 Qxf8 21. e4 Bc6 22. Qb3 Na4 23. Rxc6 Rxc6 24. Qxa4 Qc8 25. Qb3 Kf8 26. h3 e5 27. dxe5 fxe5 28. f4 Rc2 29.
fxe5+ Ke8 30. Qg8+ Kd7 1-0

[Event "*** Titled Tuesday Blitz"]
[Site "Chess.com"]
[Date "2021.02.16"]
[Round "4"]
[White "szachuspl"]
[Black "BikingBrian"]
[Result "1-0"]
[WhiteElo "2466"]
[BlackElo "2319"]
[TimeControl "180+1"]
[EndTime "10:40:08 PST"]
[Termination "szachuspl won by resignation"]

1. d4 Nf6 2. c4 g6 3. Nc3 Bg7 4.
e4 d6 5. Nf3 O-O 6. Be2 Na6 7.
Be3 Ng4 8. Bg5 Qe8 9. h3 Nf6 10. Nd2 e5 11. d5 h6 12. Be3 Nh7 13. g4 f5 14. f3 Bf6 15. h4 fxg4 16. fxg4 Qe7 17.
Bf2 Bd7 18. a3 c5 19. Qc2 Nc7 20. Bg3 a6 21. O-O-O b5 22. Rdf1 b4 23. axb4 cxb4 24. Na4 Bxa4 25. Qxa4 Rfc8 26. Kb1 a5 27. g5 hxg5 28.
h5 gxh5 29. Bxh5 Ne8 30. Bg4 Ng7 31. Rh6 Rf8 32. Rfh1 Kf7 33. Rxh7 Qe8 34. Bh5+ 1-0